 Dungeon Crawl Stone Soup version 0.30-b1-7-gcb88a99046 (webtiles) character file.

Game seed: 4864530694437241626

1561 monsoonserge the Chiller (level 8, -2/58 HPs)
             Began as a Merfolk Ice Elementalist on May 5, 2023.
             Slain by a hornet (4 damage)
             ... on level 7 of the Dungeon.
             The game lasted 00:22:42 (5141 turns).

monsoonserge the Chiller (Merfolk Ice Elementalist) Turns: 5141, Time: 00:22:42

Health: -2/58      AC: 13    Str:  3 (6)  XL:     8   Next: 89%
Magic:  4/12       EV: 13    Int: 22 (23) God:
Gold:   355        SH:  0    Dex: 11 (14) Spells: 2/13 levels left

rFire   . . .        r - +5 quarterstaff of the Shouting Saviour {spect, rElec rC+++ SInv}
rCold   + + +        (shield currently unavailable)
rNeg    . . .        B - +0 leather armour
rPois   .            (no helmet)
rElec   +            (no cloak)
rCorr   .            L - +0 pair of gloves
SInv    +            C - +1 pair of boots
Will    .....        k - amulet of the acrobat
Stlth   +++          I - +6 ring of intelligence
HPRegen 0.29/turn    (no ring)
MPRegen 0.13/turn

%: acrobat
@: brilliant, ice-armoured, hasted and slowed
A: (nimble swimmer 2), mertail, weak 1, sturdy frame 1
a: no special abilities


You were on level 7 of the Dungeon.
You visited 1 branch of the dungeon, and saw 7 of its levels.

You collected 355 gold pieces.

Inventory:

Hand Weapons
 f - a +3 short sword
 n - a +4 hand axe of draining
 r - the +5 quarterstaff of the Shouting Saviour (weapon) {spect, rElec rC+++ SInv}
   (You found it on level 2 of the Dungeon)

   rC:        It renders you almost immune to cold.
   rElec:     It insulates you from electricity.
   SInv:      It lets you see invisible.
 E - a +0 war axe of venom
 K - a +2 falchion of freezing
Missiles
 d - 103 stones
 t - 5 boomerangs (quivered)
 x - 3 poisoned darts
 D - 5 curare-tipped darts
 M - 2 javelins
Armour
 a - a +0 robe
 i - a +0 ring mail
 B - a +0 leather armour (worn)
 C - a +1 pair of boots (worn)
 L - a +0 pair of gloves (worn)
Jewellery
 k - an amulet of the acrobat (around neck)
 p - an amulet of regeneration
 I - a +6 ring of intelligence (left hand)
Wands
 z - a wand of paralysis (7)
Scrolls
 c - 2 scrolls of magic mapping {unknown}
 e - 2 scrolls of noise {unknown}
 h - 4 scrolls of teleportation {unknown}
 m - a scroll of acquirement {unknown}
 o - a scroll of blinking {unknown}
 u - 4 scrolls of identify {unknown}
 w - a scroll of enchant weapon {unknown}
 y - 4 scrolls of poison {unknown}
 F - a scroll of immolation {unknown}
 G - a scroll of butterflies {unknown}
 H - 2 scrolls of enchant armour {unknown}
 J - a scroll of fog {unknown}
Potions
 b - a potion of magic
 g - a potion of mutation
 j - a potion of curing
 q - a potion of haste
 s - a potion of cancellation {unknown}
 v - a potion of lignification {unknown}
 A - 2 potions of degeneration


   Skills:
 + Level 3.0 Fighting
 + Level 0.9 Short Blades
 + Level 1.1(1.2) Axes
 + Level 0.8(5.4) Polearms
 + Level 5.1(5.2) Staves
 + Level 1.1 Throwing
 - Level 2.0 Armour
 + Level 4.4 Dodging
 + Level 4.9 Stealth
 - Level 3.0 Spellcasting
 - Level 2.0 Summonings
 + Level 6.2 Ice Magic


You had 2 spell levels left.
You knew the following spells:

 Your Spells              Type           Power      Damage    Failure   Level
a - Freeze                Ice            100%       1d10      1%          1
b - Frozen Ramparts       Ice            92%        1d14      3%          3
c - Ozocubu's Armour      Ice            46%        N/A       3%          3
d - Summon Ice Beast      Ice/Summ       32%        N/A       26%         4

Your spell library contained the following spells:

 Spells                   Type           Power      Damage    Failure   Level
 Summon Small Mammal      Summ           72%        N/A       6%          1
 Call Imp                 Summ           36%        N/A       10%         2
 Beastly Appendage        Tmut           8%         N/A       14%         1
 Magic Dart               Conj           16%        1d3       14%         1
 Shock                    Conj/Air       16%        1d4       14%         1
 Wereblood                Tmut           4%         N/A       22%         2
 Call Canine Familiar     Summ           18%        N/A       19%         3
 Summon Guardian Golem    Hex/Summ       11%        N/A       28%         3
 Inner Flame              Hex/Fire       4%         N/A       38%         3
 Mephitic Cloud           Conj/Pois/Air  4%         N/A       38%         3
 Spider Form              Tmut/Pois      4%         N/A       38%         3
 Swiftness                Air            4%         N/A       38%         3
 Airstrike                Air            2%         2d(1-17)  80%         4
 Flame Wave               Conj/Fire      4%         2d5       80%         4
 Sticky Flame             Conj/Fire      4%         2d3       80%         4


Dungeon Overview and Level Annotations

Branches:
Dungeon (7/15)
 Temple: D:4-7

Altars:
Ashenzari
Makhleb


Innate Abilities, Weirdness & Mutations

((You are very nimble when in or above water. (Stealth+, EV+, Speed+++)))
Your lower body shifts to a powerful aquatic tail in water.
You are weak. (Str -2)
Your movements are slightly less encumbered by armour. (ER -2)


Message History

The hornet stings you!
You feel yourself slow down. The hornet stings you.
You are poisoned.
You feel as though you will be slow longer.
You can move again.
You hit the hornet.
The hornet is heavily wounded.
Your +5 quarterstaff of the Shouting Saviour {spect, rElec rC+++ SInv} hits the hornet!
You feel yourself speed up.
You feel very sick. The hornet stings you.
* * * LOW HITPOINT WARNING * * *
You are lethally poisoned!
You feel yourself slow down. The hornet stings you.
* * * LOW HITPOINT WARNING * * *
You are more poisoned.
You feel as though you will be slow longer.
Your magical contamination has completely faded away.
It was a potion of mutation.
You feel extremely strange.
You feel less encumbered by your armour.
You feel weaker.
Your +5 quarterstaff of the Shouting Saviour {spect, rElec rC+++ SInv} disappears.
* * * LOW HITPOINT WARNING * * *
You feel extremely sick.
The hornet stings you but does no damage. x2
Okay, then.
You feel better. The hornet barely misses you.
The hornet closely misses you. x2
It was a potion of degeneration.
There was something very wrong with that liquid.
You feel weakened.
You feel dopey.
You feel clumsy. The hornet barely misses you. The hornet stings you!
* * * LOW HITPOINT WARNING * * *
You feel as though you will be slow longer.
It was a potion of haste.
You feel yourself speed up.
The hornet stings you but does no damage.
The hornet barely misses you.
Okay, then.
It was a potion of brilliance.
You feel clever all of a sudden. The hornet stings you.
You die...

.... .... ....
...##########
#>.........#
#..........####+##
#..y.............#
#...@............#
+................#
#................#
#................#+##
.........####+#......#
..........# #......#
...........# #.<....#
...........# #......#
..... #......#


You could see a hornet.

Vanquished Creatures
  A water moccasin (D:6)
  3 ogres
  A sky beast (D:6)
  3 scorpions
  5 wights (D:6)
  A howler monkey (D:5)
  A jelly (D:6)
  3 hounds
  4 orc priests
  An iguana (D:6)
  3 orc wizards
  Ijyb (D:3)
  12 adders
  6 gnolls
  A white imp (D:5)
  An ufetubus (D:4)
  A dart slug (D:3)
  11 orcs
  8 bats
  6 endoplasms
  9 giant cockroaches
  10 goblins
  5 hobgoblins
  10 jackals
  2 quokkas
  5 ball pythons
  6 frilled lizards
  3 kobolds
  6 rats
129 creatures vanquished.

Vanquished Creatures (others)
  A plant (D:1)
1 creature vanquished.

Grand Total: 130 creatures vanquished

Notes
Turn   | Place    | Note
-------+----------+-------------------------------------------
     0 | D:1      | monsoonserge the Merfolk Ice Elementalist began the quest
                  | for the Orb.
     0 | D:1      | Reached XP level 1. HP: 13/13 MP: 3/3
    94 | D:1      | Found a faded altar of an unknown god.
   110 | D:1      | Reached XP level 2. HP: 15/19 MP: 0/5
   120 | D:1      | Reached skill level 5 in Ice Magic
   467 | D:1      | Reached XP level 3. HP: 20/24 MP: 4/6
   958 | D:2      | Identified the +5 quarterstaff of the Shouting Saviour
                  | {spect, rElec rC+++ SInv}
  1334 | D:2      | Reached XP level 4. HP: 30/30 MP: 7/7
  1807 | D:3      | Reached skill level 1 in Axes
  1826 | D:3      | Noticed Ijyb
  1827 | D:3      | Paralysed by Ijyb for 2 turns
  1834 | D:3      | Killed Ijyb
  1852 | D:3      | Learned a level 3 spell: Frozen Ramparts
  1856 | D:3      | Learned a level 3 spell: Ozocubu's Armour
  1890 | D:3      | Reached XP level 5. HP: 36/36 MP: 8/8
  1960 | D:3      | Reached skill level 1 in Staves
  2437 | D:4      | Noticed an ogre
  2441 | D:4      | Killed an ogre
  2442 | D:4      | Reached skill level 1 in Fighting
  2442 | D:4      | Reached skill level 1 in Armour
  2442 | D:4      | Reached XP level 6. HP: 15/43 MP: 2/9
  3026 | D:5      | Entered Level 5 of the Dungeon
  3087 | D:5      | Found a burning altar of Makhleb.
  3317 | D:5      | Reached XP level 7. HP: 30/48 MP: 10/10
  3645 | D:5      | Learned a level 4 spell: Summon Ice Beast
  3986 | D:6      | Found a broken altar of Ashenzari.
  3997 | D:6      | Reached XP level 8. HP: 46/56 MP: 12/12
  4002 | D:6      | Reached skill level 1 in Summonings
  4104 | D:6      | Reached skill level 6 in Ice Magic
  4611 | D:6      | Reached skill level 5 in Staves
  4611 | D:6      | Reached skill level 1 in Throwing
  5128 | D:7      | Noticed a hornet
  5135 | D:7      | Paralysed by a hornet for 1 turns
  5137 | D:7      | Gained mutation: Your movements are slightly less
                  | encumbered by armour. (ER -2) [potion of mutation]
  5137 | D:7      | Gained mutation: You are weak. (Str -2) [potion of
                  | mutation]
  5137 | D:7      | HP: 2/58 [poisoned by a hornet]
  5141 | D:7      | Slain by a hornet

Illustrated notes

Levels and vault maps discovered:
D:1:      ncdulo_watergridlock, layout_rooms, nicolae_ecumenical_snake_handling,
          serial_forest, infiniplex_forest_lined_room_2,
          infiniplex_forest_end_2, infiniplex_forest_clump_double,
          infiniplex_forest_clump_cross, infiniplex_forest_lined_3,
          infiniplex_forest_end_3
D:2:      layout_basic, minmay_randomly_rotated_circles
D:3:      layout_loops_corners, uniq_ijyb
D:4:      layout_loops_ring
D:5:      layout_basic, mainiacjoe_overflow_alcove_1
D:6:      layout_cave_pods, mainiacjoe_overflow_boulevard
D:7:      layout_gridville, temple_hall, uniq_maggie

Skill      XL: |  1  2  3  4  5  6  7  8 |
---------------+-------------------------+-----
Ice Magic      | 5 6 |  6.2
Dodging        | 3 4 |  4.4
Axes           | 1 |  1.1
Stealth        | 3 4 |  4.9
Staves         | 1 2 4 5 |  5.1
Fighting       | 1 3 |  3.0
Armour         | 1 2 |  2.0
Summonings     | 2 |  2.0
Spellcasting   | 3 |  3.0
Throwing       | 1 |  1.1
Short Blades   | |  0.9
Polearms       | |  0.8

Action                     |  1- 3 |  4- 6 |  7- 9 || total
---------------------------+-------+-------+-------++-------
  Melee: Short sword       |    49 |       |       ||    49
         Hand axe          |    16 |       |       ||    16
         Quarterstaff      |     7 |   102 |    89 ||   198
  Throw: Boomerang         |       |     1 |     8 ||     9
   Cast: Freeze            |    21 |       |     2 ||    23
         Frozen Ramparts   |       |     2 |     1 ||     3
         Ozocubu's Armour  |       |     2 |     6 ||     8
    Use: Potion            |       |       |     6 ||     6
   Stab: Sleeping          |     5 |     6 |     5 ||    16
         Distracted        |       |     1 |     2 ||     3
 Armour: Robe              |     8 |       |       ||     8
         Ring mail         |    20 |    12 |       ||    32
         Leather armour    |       |    13 |    18 ||    31
  Dodge: Dodged            |    53 |    62 |    47 ||   162
